 Dungeon Crawl Stone Soup version 0.30-a0-972-gf3ab3527aa (webtiles) character file.

Game seed: 807476895397554422

20636 LobsterGuardian the Arsonist (level 12, -5/86 HPs)
             Began as a Demonspawn Fire Elementalist on Mar 31, 2023.
             Was an Elder of Sif Muna.
             Hit by a javelin thrown by a minotaur (37 damage)
             ... in a Gauntlet on Apr 1, 2023.
             The game lasted 01:16:51 (17054 turns).

LobsterGuardian the Arsonist (DsFE)                Turns: 17054, Time: 01:16:51

Health: -5/86      AC:  6    Str: 10    XL:     12   Next: 47%
Magic:  6/26       EV: 14    Int: 19    God:    Sif Muna [****..]
Gold:   799        SH:  0    Dex: 15    Spells: 10/31 levels left

rFire   + . .      SeeInvis .    p - +6 long sword
rCold   . . .      Faith    .    (no shield)
rNeg    . . .      Spirit   .    t - +2 robe {rC+}
rPois   +          Reflect  .    (helmet restricted)
rElec   +          Rampage  .    (no cloak)
rCorr   .          NoTele   +    (no gloves)
Will    .....                    (no boots)
Stlth   ++                       (no amulet)
HPRegen 0.34/turn                G - ring of poison resistance
MPRegen 0.20/turn                y - ring of fire

@: sluggish, hasted
A: claws 2, icy blue scales 1, demonic guardian 1, demonic magic 2, bedeviling,
horns 1, electricity resistance, subdued magic 1
a: Renounce Religion, Channel Magic, Forget Spell, Divine Exegesis


You were in a Gauntlet.
You worshipped Sif Muna.
Sif Muna was greatly pleased with you.
You visited 3 branches of the dungeon, and saw 16 of its levels.
You also visited: Sewer, Bailey and Gauntlet.

You collected 799 gold pieces.

Inventory:

Hand Weapons
 k - a +1 short sword of venom
 p - a +6 long sword (weapon)
Missiles
 x - 3 throwing nets
Armour
 b - the +3 hat of Pondering {ponderous, Will+ MP+10 Int+5}
   (You took it off Gastronok on level 8 of the Dungeon)

   Int:       It affects your intelligence (+5).
   MP:        It affects your magic capacity (+10).
   Will:      It increases your willpower.
 j - a +1 helmet
 t - a +2 robe of cold resistance (worn)
 N - the +1 hat "Ceskyng" {Str+3}
   (You found it in a Gauntlet)

   Str:       It affects your strength (+3).
Jewellery
 m - a ring of wizardry
 r - a ring of magical power
 w - an amulet of faith
 y - a ring of fire (right claw)
 F - a ring of protection from fire
 G - a ring of poison resistance (left claw)
 H - a +5 ring of evasion
 I - a ring of positive energy
 L - an amulet of the acrobat
 M - the ring "Ranin" {rElec rPois rC+ rCorr}
   (You found it in a Gauntlet)

   [ring of protection from cold]

   rC:        It protects you from cold.
   rElec:     It insulates you from electricity.
   rPois:     It protects you from poison.
   rCorr:     It protects you from acid and corrosion.
Wands
 q - a wand of iceblast (4)
 u - a wand of light (23)
 z - a wand of charming (16)
 A - a wand of flame (21)
Scrolls
 c - 3 scrolls of vulnerability
 e - 2 scrolls of poison
 f - a scroll of torment
 g - a scroll of immolation
 h - 3 scrolls of noise
 i - 3 scrolls of teleportation
 s - 3 scrolls of blinking
 B - 2 scrolls of enchant weapon
 C - a scroll of butterflies
 K - a scroll of enchant armour
Potions
 a - 5 potions of brilliance
 d - 3 potions of lignification
 n - 6 potions of curing
 o - a potion of berserk rage
 v - 2 potions of attraction
 D - a potion of might
 E - 3 potions of haste
 J - 5 potions of flight
 O - a potion of cancellation {unknown}


   Skills:
 + Level 5.3 Fighting
 - Level 0.2(4.8) Short Blades
 + Level 7.9 Long Blades
 + Level 4.3 Armour
 + Level 5.6 Dodging
 - Level 3.0 Stealth
 + Level 10.2 Spellcasting
 + Level 5.1 Conjurations
 + Level 3.8 Hexes
 + Level 11.3 Fire Magic
 + Level 1.0 Air Magic


You had 10 spell levels left.
You knew the following spells:

 Your Spells              Type           Power      Damage    Failure   Level
a - Foxfire               Conj/Fire      100%       2x1d6     1%          1
b - Scorch                Fire           100%       2d10      1%          2
c - Inner Flame           Hex/Fire       61%        N/A       1%          3
d - Flame Wave            Conj/Fire      47%        2d12      1%          4
e - Kindle Blastsparks    Fire/Tloc/Air  58%        2d14      3%          3
f - Dazzling Flash        Conj/Hex       60%        N/A       2%          3
g - Swiftness             Air            10%        N/A       12%         3
h - Ensorcelled Hibernat  Hex/Ice        38%        N/A       3%          2

Your spell library contained the following spells:

 Spells                   Type           Power      Damage    Failure   Level
 Passwall                 Tmut/Erth      5%         N/A       9%          2
 Silence                  Hex/Air        11%        N/A       54%         5
 Agony                    Necr           7%         N/A       88%         5


Dungeon Overview and Level Annotations

Branches:
Dungeon (12/15)            Temple (1/1) D:5            Lair (4/5) D:10
    Orc (0/2) D:12          Sewer (visited)          Bailey (visited)
Gauntlet (1/1)
  Swamp: Lair:2-3    Shoals: Lair:2-3     Snake: Lair:2-3    Spider: Lair:2-3
  Slime: Lair:4-5

Altars:
Ashenzari
Cheibriados
Dithmenos
Fedhas
Gozag
Hepliaklqana
Kikubaaqudgha
Makhleb
Nemelex Xobeh
Okawaru
Qazlal
Ru
Sif Muna
Trog
Uskayaw
Vehumet
Wu Jian
Xom
Yredelemnul

Shops:
D:5 =*!

Annotations:
D:12 Azrael Gauntlet 8 transporters, 1 runed translucent door


Innate Abilities, Weirdness & Mutations

You have very sharp fingernails.
You are partially covered in icy blue scales. (AC +2)
A weak demonic guardian rushes to your aid.
Spells you cast may paralyse nearby enemies.
Your hexes are more powerful.
You have a pair of small horns on your head.
You are resistant to electric shocks. (rElec)
Your spells are a little easier to cast, but a little less powerful.


Message History

Casting: Foxfire (safe; 1% risk of failure)
Confirm with . or Enter, or press ? or * to list all spells.
You feel a surge of power!
Flames lash the minotaur but do no damage.
Malevolent energies surge around you.
Unknown command.
Aiming: Iceblast
Press: ? - help, Shift-Dir - straight line, f - minotaur
Aim: a minotaur, wielding a +4 mace, wearing a +3 plate armour of poison resistance and quivering javelins (severely wounded, inner flame)
The mass of ice explodes!
The iceblast engulfs the minotaur.
Flame seeps out of the minotaur.
The minotaur is severely wounded.
The minotaur is engulfed in blazing flames.
Flame seeps out of the minotaur.
The minotaur throws a javelin.
The javelin completely misses you.
Aiming: Iceblast
Press: ? - help, Shift-Dir - straight line, f/p - minotaur
Aim: a minotaur, wielding a +4 mace, wearing a +3 plate armour of poison resistance and quivering javelins (flame, severely wounded, inner flame)
The mass of ice explodes!
The iceblast engulfs the minotaur but does no damage.
The minotaur is severely wounded.
The minotaur is engulfed in blazing flames.
Flame seeps out of the minotaur.
The minotaur throws a javelin.
The javelin pierces through you!!
* * * LOW HITPOINT WARNING * * *
You feel much better.
The minotaur is engulfed in blazing flames.
Flame seeps out of the minotaur.
You feel yourself speed up. The minotaur hits you with a +4 mace!
A demonic guardian appears!
The minotaur completely misses you.
Unknown command.
You feel much better. The minotaur barely misses you. The minotaur gores you.
Your quasit barely misses the minotaur.
Your quasit claws the minotaur but does no damage.
Your quasit barely misses the minotaur.
The minotaur attacks as you move away! The minotaur misses you.
The minotaur gores you!
Found a chain mail.
Found a gate leading back out of this place.
The minotaur throws a javelin.
The javelin pierces through you!!!
You die...

#############..8.8.8..###########
##...©.©.©...## #.............#
###.###.###.## ###.###.###.##
#....5........# #.###H###.###.#
#.###.###.###. #.....@.......
#######'###### ... .### .. ∩≈ ≈≈≈
###


You could see a minotaur (inner flame, ally target) and a friendly quasit
(summoned).

Vanquished Creatures
  Gastronok (D:8)
  A hydra (Lair:4)
  2 two-headed ogres
  A fire crab (shapeshifter) (D:11)
  An orc knight (Bailey)
  2 cyclopes
  A manticore (D:11)
  3 cane toads
  A rime drake (Lair:2)
  A kobold demonologist (D:10)
  4 komodo dragons
  3 trolls
  Prince Ribbit (D:7)
  Sigmund (D:4)
  3 shadows
  3 wyverns
  16 yaks
  3 steam dragons
  Menkaure (D:5)
  Edmund (D:4)
  8 vampire mosquitoes
  2 acid dragons (D:10)
  8 water moccasins
  A swamp drake (D:12)
  17 orc warriors
  2 black bears
  A sky beast (D:7)
  A hell hound (D:12)
  2 ice beasts (D:6)
  An ogre (D:6)
  A centaur (D:10)
  Blork the orc (D:5)
  14 bullfrogs
  A gnoll sergeant (D:11)
  8 scorpions
  4 killer bees (D:8)
  3 hounds (D:5)
  2 jellies
  8 orc priests
  A gnoll bouda (D:7)
  A sleepcap (D:4)
  Terence (D:2)
  4 iguanas
  Natasha (D:2)
  9 orc wizards
  7 gnolls
  A river rat (D:3)
  9 adders
  2 white imps
  A dart slug (D:1)
  61 orcs
  3 endoplasms
  4 giant cockroaches
  8 goblins
  10 hobgoblins
  4 jackals (D:2)
  3 quokkas
  3 ball pythons
  15 bats
  3 frilled lizards
  5 kobolds
  8 rats
299 creatures vanquished.

Vanquished Creatures (collateral kills)
  A gnoll (D:7)
  An orc (D:3)
  A rat (D:3)
3 creatures vanquished.

Vanquished Creatures (others)
  A deep elf pyromancer (D:10)
  A demonic plant (Gauntlet)
  549 foxfires
  18 fungi
  18 plants
587 creatures vanquished.

Grand Total: 889 creatures vanquished

Notes
Turn   | Place    | Note
-------+----------+-------------------------------------------
     0 | D:1      | LobsterGuardian the Demonspawn Fire Elementalist began the
                  | quest for the Orb.
     0 | D:1      | Reached XP level 1. HP: 13/13 MP: 3/3
   247 | D:1      | Reached skill level 3 in Fire Magic
   259 | D:1      | Gained mutation: Spells you cast may paralyse adjacent
                  | enemies. [demonic ancestry]
   259 | D:1      | Reached XP level 2. HP: 15/19 MP: 0/5
  1350 | D:2      | Reached XP level 3. HP: 4/24 MP: 3/6
  1351 | D:2      | Gained mutation: You occasionally shout uncontrollably at
                  | your foes. [potion of mutation]
  1351 | D:2      | Gained mutation: Your body sometimes deteriorates upon
                  | taking damage. [potion of mutation]
  1351 | D:2      | Gained mutation: You are somewhat resistant to further
                  | mutation. [potion of mutation]
  1357 | D:2      | Learned a level 2 spell: Scorch
  1742 | D:2      | Noticed Natasha
  1749 | D:2      | Killed Natasha
  1830 | D:2      | Found a shimmering altar of Xom.
  1955 | D:2      | Noticed Terence
  1973 | D:2      | Killed Terence
  1974 | D:2      | Gained mutation: A weak demonic guardian rushes to your
                  | aid. [demonic ancestry]
  1974 | D:2      | Reached XP level 4. HP: 23/30 MP: 0/7
  2107 | D:2      | Learned a level 3 spell: Inner Flame
  2375 | D:3      | Reached skill level 4 in Fire Magic
  2443 | D:3      | Found a glowing drain.
  2496 | Sewer    | Entered a sewer
  2588 | Sewer    | Noticed a water moccasin
  2592 | Sewer    | Killed a water moccasin
  2593 | Sewer    | Gained mutation: You have sharp fingernails. [demonic
                  | ancestry]
  2593 | Sewer    | Reached XP level 5. HP: 36/36 MP: 4/9
  3361 | D:4      | Learned a level 4 spell: Flame Wave
  3383 | D:4      | Gained mutation: Spells you cast may paralyse nearby
                  | enemies. [demonic ancestry]
  3383 | D:4      | Reached XP level 6. HP: 42/42 MP: 3/10
  3563 | D:4      | Reached skill level 5 in Fire Magic
  3827 | D:4      | Noticed Edmund
  3834 | D:4      | Killed Edmund
  3835 | D:4      | Reached skill level 1 in Fighting
  3835 | D:4      | Gained mutation: You have very sharp fingernails. [demonic
                  | ancestry]
  3835 | D:4      | Reached XP level 7. HP: 48/48 MP: 3/12
  3974 | D:4      | Reached skill level 1 in Long Blades
  4532 | D:4      | Noticed Sigmund
  4537 | D:4      | Killed Sigmund
  4933 | D:4      | Reached skill level 5 in Spellcasting
  4933 | D:4      | Reached skill level 8 in Fire Magic
  4933 | D:4      | Reached XP level 8. HP: 61/61 MP: 12/16
  4938 | D:4      | Learned a level 3 spell: Kindle Blastsparks
  4942 | D:4      | Learned a level 3 spell: Dazzling Flash
  5002 | D:5      | Entered Level 5 of the Dungeon
  5002 | D:5      | Found Raeleyru's Distillery.
  5125 | D:5      | Found a shadowy altar of Dithmenos.
  5253 | D:5      | Found a staircase to the Ecumenical Temple.
  5389 | Temple   | Entered the Ecumenical Temple
  5414 | Temple   | Became a worshipper of Sif Muna the Loreminder
  5582 | D:5      | Found Uranogon's Jewellery Boutique.
  5601 | D:5      | Noticed Menkaure
  5605 | D:5      | Killed Menkaure
  5849 | D:5      | Noticed Blork the orc
  5854 | D:5      | Killed Blork the orc
  5855 | D:5      | Gained mutation: You are partially covered in icy blue
                  | scales. (AC +2) [demonic ancestry]
  5855 | D:5      | Reached XP level 9. HP: 66/66 MP: 9/18
  5970 | D:5      | Found a stormy altar of Qazlal.
  6046 | D:5      | Found Xapeph's Assorted Antiques.
  6366 | D:6      | Reached skill level 1 in Hexes
  7002 | D:6      | Reached skill level 5 in Dodging
  7904 | D:7      | Noticed Prince Ribbit
  7912 | D:7      | Killed Prince Ribbit
  7912 | D:7      | Reached * piety under Sif Muna
  7925 | D:7      | Reached skill level 5 in Long Blades
  8062 | D:7      | Reached skill level 9 in Fire Magic
  8213 | D:7      | Found a burning altar of Makhleb.
  8220 | D:7      | Identified the +0 robe "Uprir" {rC+ Regen+ Int-5 Dex+2}
  8592 | D:8      | Reached XP level 10. HP: 63/73 MP: 14/20
  8700 | D:8      | Found a basalt altar of Yredelemnul.
  8868 | D:8      | Found a flagged portal.
  8891 | Bailey   | Entered a bailey
  8953 | Bailey   | Reached ** piety under Sif Muna
  9547 | Bailey   | Noticed an orc knight
  9563 | Bailey   | Killed an orc knight
  9871 | D:8      | Noticed Gastronok
  9892 | D:8      | Killed Gastronok
 10331 | D:8      | Found an iron altar of Okawaru.
 10504 | D:8      | Acquired a ring of magical power
 10813 | D:9      | Reached skill level 5 in Fighting
 10813 | D:9      | Reached XP level 11. HP: 42/79 MP: 18/22
 11087 | D:9      | Learned a level 3 spell: Swiftness
 11427 | D:10     | Entered Level 10 of the Dungeon
 11427 | D:10     | Noticed a two-headed ogre
 11431 | D:10     | Killed a two-headed ogre
 11550 | D:10     | Found a hazy altar of Hepliaklqana.
 11610 | D:10     | Reached skill level 10 in Fire Magic
 11611 | D:10     | Reached *** piety under Sif Muna
 11856 | D:10     | Noticed a deep elf pyromancer
 11864 | D:10     | Killed a deep elf pyromancer
 11941 | D:10     | Found an ornate altar of the Wu Jian Council.
 11988 | D:10     | Found a staircase to the Lair.
 12194 | D:11     | a salamander changed into a fire crab
 12194 | D:11     | Noticed a fire crab (shapeshifter)
 12211 | D:11     | Killed a fire crab
 12619 | D:11     | Noticed a two-headed ogre
 12631 | D:11     | Killed a two-headed ogre
 13690 | D:12     | Noticed Azrael
 13701 | D:12     | Noticed a two-headed ogre
 13705 | D:12     | Found a staircase to the Orcish Mines.
 13720 | D:12     | Noticed a boulder beetle
 13894 | D:12     | Gained mutation: Your hexes are more powerful. [demonic
                  | ancestry]
 13894 | D:12     | Reached XP level 12. HP: 61/86 MP: 25/25
 14098 | D:11     | Lost mutation: Your body sometimes deteriorates upon taking
                  | damage. [potion of mutation]
 14098 | D:11     | Lost mutation: You are somewhat resistant to further
                  | mutation. [potion of mutation]
 14098 | D:11     | Lost mutation: You occasionally shout uncontrollably at
                  | your foes. [potion of mutation]
 14098 | D:11     | Gained mutation: You passively map a small area around you.
                  | [potion of mutation]
 14098 | D:11     | Gained mutation: You expend magic power (3 MP) to
                  | strengthen your wands. [potion of mutation]
 14099 | D:11     | Lost mutation: You passively map a small area around you.
                  | [potion of mutation]
 14099 | D:11     | Lost mutation: You expend magic power (3 MP) to strengthen
                  | your wands. [potion of mutation]
 14099 | D:11     | Gained mutation: You are resistant to electric shocks.
                  | (rElec) [potion of mutation]
 14099 | D:11     | Gained mutation: Your spells are a little easier to cast,
                  | but a little less powerful. [potion of mutation]
 14099 | D:11     | Gained mutation: You have a pair of small horns on your
                  | head. [potion of mutation]
 14528 | D:12     | Learned a level 2 spell: Ensorcelled Hibernation
 14790 | Lair:1   | Entered Level 1 of the Lair of Beasts
 14915 | Lair:1   | Reached skill level 1 in Air Magic
 16141 | Lair:2   | You fall into a shaft and drop 2 floors!
 16170 | Lair:4   | Identified the +8 morningstar "Goes" {flame, Fragile +Blink
                  | Str-3 Dex+5 SInv}
 16193 | Lair:4   | Reached skill level 10 in Spellcasting
 16193 | Lair:4   | Reached skill level 11 in Fire Magic
 16251 | Lair:4   | Identified the +11 hand axe of the Holding Pill Bug {heavy,
                  | MP+9}
 16296 | Lair:4   | Reached skill level 5 in Conjurations
 16364 | Lair:4   | Reached **** piety under Sif Muna
 16526 | Lair:4   | Noticed a seven-headed hydra
 16531 | Lair:4   | Killed a seven-headed hydra
 16570 | Lair:4   | Found a gate leading to a gauntlet.
 16580 | Gauntlet | Entered a Gauntlet
 16580 | Gauntlet | Found a transporter.
 16589 | Gauntlet | Found a transporter.
 16605 | Gauntlet | Found a transporter.
 16608 | Gauntlet | Found a transporter.
 16612 | Gauntlet | Noticed a hell beast
 16623 | Gauntlet | Found a transporter.
 16638 | Gauntlet | Found a transporter.
 16647 | Gauntlet | Found a transporter.
 16651 | Gauntlet | Found a transporter.
 16653 | Gauntlet | Found the dreamshard necklace {*Dream Drain}
 16674 | Gauntlet | Found a transporter.
 16678 | Gauntlet | Noticed a balrug
 16693 | Gauntlet | Found a transporter.
 16695 | Gauntlet | Found a transporter.
 16697 | Gauntlet | Found a runed translucent door.
 16699 | Gauntlet | Found a runed translucent door.
 16700 | Gauntlet | Noticed a reaper
 16703 | Gauntlet | Found a transporter.
 16725 | Gauntlet | a yaktaur changed into an entropy weaver
 16725 | Gauntlet | Noticed an entropy weaver (glowing shapeshifter)
 16728 | Gauntlet | an entropy weaver changed into a golden eye
 16858 | Gauntlet | Identified the ring "Ranin" {rElec rPois rC+ rCorr}
 16895 | Gauntlet | Identified the +1 hat "Ceskyng" {Str+3}
 16942 | Gauntlet | Noticed a minotaur
 17054 | Gauntlet | Hit by a javelin thrown by a minotaur

Illustrated notes

Levels and vault maps discovered:
D:1:      psy_arrival_basics, layout_basic, minmay_misc_feat_pillars,
          patterned_corridor
D:2:      layout_loops_corners, basic_altar, chequers_serial_rivers_micro_e,
          minmay_misc_feat_rows, uniq_terence, uniq_natasha
D:3:      layout_rooms, portal_sewer_entry_b, kennysheep_another_room,
          hex_medium, minmay_misc_feat_square
D:4:      layout_layer_cave, moated_statue, uniq_sigmund, uniq_edmund
D:5:      layout_loops_ring, mainiacjoe_overflow_paths,
          mainiacjoe_overflow_alcove_2, lemuel_temple_firewalk_a, serial_shops,
          nicolae_lakefront_shop, nicolae_stop_n_shop_2, shop,
          uniq_blork_the_orc, uniq_menkaure
D:6:      layout_basic, nicolae_concentric_dashed_squares_mild,
          kennysheep_generic_room_2
D:7:      layout_rooms, bloody_makhleb, hellmonk_bongcloud_opening,
          uniq_prince_ribbit1
D:8:      hellmonk_ruined_rings, layout_gridville, kennysheep_mini_moat,
          lemuel_crystal_altar, enter_bailey_3, uniq_gastronok
D:9:      layout_loops_ring
D:10:     layout_cross, nzn_wu_jian_council_hall, lemuel_tele_altar,
          grunt_lair_entry_orc_guard_hut, kennysheep_small_square
D:11:     layout_roguey, chequers_decorated_corner
D:12:     layout_basic, erik_orc_1, uniq_nessos, uniq_azrael
Temple:   minmay_freezing_vapour_temple
Lair:1:   layout_hall_layers
Lair:2:   layout_regular_city, nicolae_snake_entry_warm_welcome,
          grunt_forest_stairs_basic
Lair:4:   layout_layer_cave, gauntlet_entry_generic
Gauntlet: minmay_gauntlet_mixed_oops_all_seconds
          [minmay_gauntlet_arena_77_cramped, gammafunk_gauntlet_arena_hedges,
          minmay_gauntlet_arena_77_tiled_triplets,
          gammafunk_gauntlet_arena_split_x, minmay_gauntlet_arena_77_two_paths,
          gammafunk_gauntlet_arena_chambers, gauntlet_exit_watery]

Skill      XL: |  1  2  3  4  5  6  7  8  9 10 11 12 |
---------------+-------------------------------------+-----
Fire Magic     | 3 4 5 8 9 10 11 | 11.3
Dodging        | 2 4 5 |  5.6
Stealth        | 2 3 |  3.0
Spellcasting   | 3 5 6 7 9 10 | 10.2
Conjurations   | 2 3 4 5 |  5.1
Fighting       | 1 4 5 |  5.3
Long Blades    | 4 5 6 7 |  7.9
Armour         | 4 |  4.3
Hexes          | 1 2 3 |  3.8
Air Magic      | 1 |  1.0
Short Blades   | |  0.2

Action                     |  1- 3 |  4- 6 |  7- 9 | 10-12 || total
---------------------------+-------+-------+-------+-------++-------
  Melee: Short sword       |    45 |     7 |       |       ||    52
         Long sword        |       |    19 |    65 |    86 ||   170
         Punch             |       |       |     1 |       ||     1
         Headbutt          |       |       |       |     6 ||     6
   Cast: Foxfire           |    31 |    43 |    81 |   163 ||   318
         Scorch            |     5 |     9 |    31 |    96 ||   141
         Inner Flame       |       |     3 |    14 |    44 ||    61
         Flame Wave        |       |     1 |     6 |    15 ||    22
         Dazzling Flash    |       |       |     1 |    12 ||    13
         Kindle Blastspark |       |       |     3 |     5 ||     8
         Swiftness         |       |       |       |     7 ||     7
         Ensorcelled Hiber |       |       |       |     3 ||     3
  Evoke: Wand              |       |       |       |     4 ||     4
    Use: Potion            |     3 |       |     3 |    10 ||    16
         Scroll            |       |     5 |     4 |    19 ||    28
   Stab: Paralysed         |     7 |     9 |    16 |    27 ||    59
         Sleeping          |     4 |     1 |     3 |     3 ||    11
         Invisible         |       |       |       |     1 ||     1
 Armour: Robe              |    12 |     2 |    24 |    33 ||    71
         Leather armour    |       |     3 |     2 |       ||     5
  Dodge: Dodged            |    36 |    13 |    58 |   114 ||   221

Table legend: (Time is in decaauts)
 A = Elapsed time spent in this place.
 B = Non-inter-level travel time spent in this place.
 C = Inter-level travel time spent in this place.
 D = Time resting spent in this place.
 E = Time spent auto-exploring this place.
 F = Levels seen in this place.
 G = Mean time per level.
                   A        B        C        D        E       F      G
               +--------+--------+--------+--------+--------+-----+--------+
         Total |  17198 |  16348 |    850 |    247 |  13615 |  19 |  905.2 |
       Dungeon |  13805 |  12983 |    822 |    133 |  11044 |  12 | 1150.4 |
        Temple |     31 |     26 |      5 |      0 |     10 |   1 |   31.0 |
          Lair |   1788 |   1767 |     21 |      0 |   1561 |   3 |  596.0 |
         Sewer |    185 |    185 |      0 |      0 |    147 |   1 |  185.0 |
        Bailey |    935 |    935 |      0 |      0 |    715 |   1 |  935.0 |
      Gauntlet |    453 |    453 |      0 |    114 |    137 |   1 |  453.0 |
               +--------+--------+--------+--------+--------+-----+--------+

Top non-repeatable levels by time:
     D:4: 1709 daAuts
     D:6: 1368 daAuts
     D:2: 1337 daAuts
     D:5: 1328 daAuts
    D:12: 1288 daAuts
    D:11: 1261 daAuts
     D:8: 1192 daAuts
     D:1: 1072 daAuts
  Bailey: 935 daAuts
     D:9: 909 daAuts
     D:7: 907 daAuts
  Lair:1: 836 daAuts
     D:3: 719 daAuts
    D:10: 711 daAuts
  Lair:2: 512 daAuts
